Map: Deathaura LE

Players

A.I. 1 (Hard) - Winner!

  • Race: Protoss Protoss
  • Spawn Location: 5:00

Savage

  • Race: Zerg Zerg
  • Spawn Location: 11:00

VOD

Have the link to the VOD?

Description

Time

  • Played on: Oct. 31, 2020, 2:48 p.m.
  • Length: 13:56
Show
View Real Time Build Order
Export as new Build Order

A.I. 1 (Hard) Protoss - Winner!

Build Orders: 1 Gate Expand 

Get SALT Encoding   

  12  0:00  Probe  
  13  0:13  Probe  
  14  0:20  Pylon  
  14  0:25  Probe  
  15  0:34  Probe  
  15  0:42  Probe  
  17  0:50  Gateway  
  17  1:07  Probe  
  17  1:08  Nexus  
  18  1:27  Pylon  
  18  1:30  Assimilator  
  18  1:39  Zealot  
  20  1:41  Probe, Cybernetics Core  
  21  1:54  Probe  
  22  2:03  Probe  
  22  2:05  Gateway  
  23  2:12  Assimilator  
  23  2:17  Probe  
  23  2:20  Pylon, Stalker  
  26  2:24  Warp Gate  
  26  2:25  Probe  
  27  2:36  Probe  
  28  2:49  Assimilator  
  28  2:50  Adept  
  30  2:53  Adept  
  30  2:54  Probe  
  30  2:56  Probe  
  34  3:08  Gateway  
  34  3:20  Adept  
  36  3:27  Adept  
  38  3:41  Probe  
  39  3:45  Probe  
  40  3:51  Sentry  
  40  3:53  Probe  
  40  3:54  Stalker  
  43  3:57  Forge, Probe  
  46  4:12  Stalker  
  46  4:13  Pylon  
  46  4:14  Probe  
  49  4:17  Probe  
  49  4:21  Protoss Ground Armor Level 1  
  49  4:22  Probe  
  50  4:30  Probe x2  
  52  4:37  Zealot  
  55  4:42  Probe  
  56  4:48  Probe  
  56  4:49  Pylon  
  56  4:51  Zealot  
  59  4:54  Probe  
  60  5:00  Probe  
  60  5:05  Adept  
  62  5:07  Probe  
  62  5:13  Probe  
  64  5:15  Pylon  
  64  5:19  Probe, Adept  
  67  5:32  Adept  
  67  5:33  Probe  
  67  5:34  Probe  
  67  5:35  Pylon  
  71  5:45  Probe  
  71  5:46  Adept  
  74  5:53  Probe  
  74  5:56  Robotics Facility  
  75  5:59  Sentry  
  75  6:02  Pylon  
  77  6:06  Photon Cannon  
  77  6:13  Protoss Ground Weapons Level 1, Stalker  
  77  6:14  Photon Cannon  
  77  6:16  Probe, Pylon  
  79  6:22  Probe  
  79  6:23  Pylon  
  79  6:25  Probe  
  81  6:27  Stargate, Stalker  
  81  6:32  Twilight Council  
  84  6:37  Probe  
  84  6:39  Forge  
  83  6:40  Stalker  
  83  6:44  Observer  
  87  6:51  Photon Cannon  
  87  6:54  Stalker  
  89  7:00  Photon Cannon  
  89  7:05  Observer  
  90  7:09  Blink, Stalker x2  
  90  7:15  Assimilator  
  89  7:23  Probe  
  90  7:37  Probe  
  90  7:39  Void Ray  
  90  7:40  Zealot  
  83  7:48  Pylon  
  83  7:49  Immortal  
  67  7:52  Stalker  
  67  7:53  Photon Cannon  
  67  7:56  Stalker  
  59  8:00  Stalker  
  59  8:03  Probe  
  62  8:08  Probe  
  61  8:13  Adept  
  61  8:16  Void Ray  
  56  8:28  Immortal  
  51  8:36  Zealot  
  32  8:50  Zealot  
  32  8:52  Void Ray  
  36  9:06  Probe  
  36  9:08  Adept  
  36  9:09  Nexus  
  39  9:18  Probe, Assimilator  
  39  9:21  Adept  
  36  9:30  Probe  
  36  9:34  Zealot  
  36  9:36  Nexus  
  38  9:43  Probe  
  39  9:46  Adept  
  41  9:59  Adept  
  43  10:05  Probe  
  44  10:46  Probe  
  44  10:48  Probe  
  44  10:49  Probe  
  44  10:54  Probe  
  44  10:56  Probe  
  47  10:59  Probe  
  50  11:21  Stalker  
  52  11:34  Warp Prism  
  54  12:07  Warp Prism  
  54  12:14  Oracle  
  56  12:21  Stalker  
  61  12:34  Sentry  
  63  12:37  Observer  
  63  12:55  Warp Prism  
  65  13:18  Zealot  
  52  13:25  Zealot  
  43  13:30  Zealot  
  43  13:32  Observer  
  37  13:37  Zealot  
  32  13:46  Zealot  
Show
View Real Time Build Order
Export as new Build Order

Savage Zerg 

Build Orders: Hatch First 

Get SALT Encoding   

  12  0:00  Drone  
  13  0:12  Overlord  
  13  0:16  Drone  
  14  0:34  Drone x2  
  16  0:35  Drone  
  17  0:53  Hatchery  
  17  0:57  Drone  
  17  1:11  Extractor  
  16  1:14  Spawning Pool  
  16  1:15  Drone  
  16  1:21  Drone  
  16  1:22  Drone  
  18  1:28  Drone  
  19  1:39  Drone  
  20  1:50  Drone  
  21  2:01  Overlord  
  21  2:04  Queen  
  21  2:05  Queen  
  21  2:07  Zergling x2  
  26  2:11  Zergling x2  
  27  2:30  Drone x3  
  30  2:40  Drone x2  
  30  2:43  Queen x2  
  36  2:51  Overlord  
  36  2:54  Overlord  
  36  3:10  Overlord  
  36  3:11  Drone x3  
  39  3:18  Drone x4  
  43  3:21  Drone  
  44  3:29  Metabolic Boost  
  44  3:31  Drone x3  
  47  3:34  Extractor  
  47  3:37  Extractor  
  45  3:43  Overlord x2  
  44  3:51  Overlord x2  
  43  4:10  Roach Warren  
  43  4:13  Lair  
  43  4:14  Evolution Chamber  
  43  4:15  Drone x6  
  47  4:21  Drone x3  
  47  4:22  Drone x2  
  53  4:24  Drone  
  53  4:34  Zergling x4  
  55  4:45  Zerg Missile Weapons Level 1  
  55  4:58  Roach  
  55  4:59  Roach x7  
  71  5:08  Overlord  
  71  5:09  Overlord  
  71  5:14  Glial Reconstitution  
  71  5:18  Roach x2  
  71  5:20  Roach x3  
  81  5:21  Overlord x2  
  81  5:41  Roach x5  
  90  5:57  Roach  
  90  5:58  Roach  
  94  6:11  Overlord x3  
  94  6:13  Roach x3  
  94  6:14  Roach x2  
  94  6:17  Hatchery  
  103  6:30  Roach x2  
  103  6:31  Roach x2  
  111  6:50  Zergling x2  
  111  6:51  Zergling x10  
  117  7:02  Ravager  
  117  7:03  Ravager x7  
  117  7:04  Ravager  
  117  7:05  Drone  
  117  7:06  Drone  
  128  7:14  Drone x2  
  130  7:20  Queen  
  126  7:46  Overlord  
  126  7:47  Overlord  
  126  7:48  Drone x6  
  123  7:57  Drone  
  123  7:58  Drone x7  
  131  8:19  Drone x5  
  136  8:22  Extractor  
  136  8:25  Extractor  
  132  8:30  Hydralisk Den  
  132  8:34  Spine Crawler, Evolution Chamber, Spore Crawler  
  124  8:35  Spine Crawler  
  112  8:57  Drone  
  112  8:58  Drone x13  
  126  9:08  Grooved Spines  
  126  9:10  Hatchery, Zerg Missile Weapons Level 2  
  126  9:11  Tunneling Claws, Zerg Ground Armor Level 1  
  126  9:13  Pneumatized Carapace  
  125  9:17  Burrow  
  125  9:23  Infestation Pit  
  116  9:35  Hydralisk  
  116  9:36  Hydralisk x8  
  134  9:39  Overseer  
  134  9:55  Overseer  
  134  10:05  Queen  
  136  10:17  Extractor  
  136  10:18  Extractor  
  136  10:19  Muscular Augments  
  134  10:22  Spine Crawler  
  134  10:23  Spore Crawler  
  134  10:25  Ravager  
  134  10:27  Ravager x4  
  134  10:28  Ravager, Queen  
  138  10:29  Overlord x2  
  138  10:30  Overlord x7  
  138  10:35  Hatchery  
  139  10:41  Queen  
  141  11:04  Queen  
  141  11:07  Zerg Ground Armor Level 2  
  143  11:11  Hydralisk x2  
  143  11:12  Hydralisk x5  
  143  11:17  Queen  
  159  11:33  Spore Crawler  
  159  11:35  Spine Crawler  
  159  11:37  Drone x5, Spine Crawler, Spore Crawler  
  159  11:38  Drone  
  159  11:39  Queen  
  161  11:40  Drone x3  
  161  11:43  Drone x6  
  161  11:46  Drone  
  173  11:47  Drone x13  
  173  11:48  Drone x6  
  173  11:49  Queen  
  194  12:04  Hive  
  194  12:08  Roach x2  
  198  12:54  Extractor  
  198  12:55  Extractor, Spore Crawler  
  198  12:57  Spine Crawler x2  
  198  12:58  Spore Crawler  
Tags
 
Add a new tag
Caveats
  • Supply blocks, unpowered buildings, or Contaminate may cause inaccurate times.
  • Supply counts are checked every 10 seconds.